 Dungeon Crawl Stone Soup version 0.21-a0-140-g479285b (webtiles) character file.

93 wazuzu the Poker (level 4, 35/35 HPs)
             Began as a Formicid Monk on July 20, 2017.
             Quit the game on level 2 of the Dungeon.
             The game lasted 00:04:56 (1757 turns).

wazuzu the Poker (Formicid Monk)                    Turns: 1757, Time: 00:04:57

Health: 35/35      AC:  3    Str: 17    XL:     4   Next: 91%
Magic:  4/4        EV: 13    Int:  9    God:
Gold:   117        SH:  0    Dex: 13    Spells: 3/3 levels left

rFire    . . .     SeeInvis +   a - +0 spear
rCold    . . .     Gourm    .   (no shield)
rNeg     . . .     Faith    .   b - +0 robe
rPois    .         Spirit   .   (helmet unavailable)
rElec    .         Reflect  .   n - +0 cloak (curse)
rCorr    .         Harm     .   (no gloves)
MR       .....     Clarity  +   (no boots)
Stlth    ++........             o - amulet of inaccuracy (curse)
HPRegen  0.11/turn              (no ring)
MPRegen  0.09/turn              (no ring)

@: no status effects
A: permanent stasis, dig shafts and tunnels, four strong arms, antennae 3,
hooves 2, clarity
a: Dig, Shaft Self


You were on level 2 of the Dungeon.
You were hungry.

You visited 1 branch of the dungeon, and saw 2 of its levels.

You collected 117 gold pieces.

Inventory:

Hand Weapons
 a - a +0 spear (weapon)
Armour
 b - a +0 robe (worn)
 i - a +0 shield
 n - a cursed +0 cloak (worn)
Jewellery
 o - a cursed amulet of inaccuracy (around neck)
Potions
 g - a potion of curing
 m - a potion of agility {unknown}
Comestibles
 c - 2 bread rations


   Skills:
 - Level 3.2 Fighting
 + Level 5.2 Polearms
 - Level 2.6 Dodging
 - Level 2.4 Stealth


You had 3 spell levels left.
You didn't know any spells.

Dungeon Overview and Level Annotations

Branches:
Dungeon (2/15)

Altars:


Innate Abilities, Weirdness & Mutations

You cannot be hasted, slowed, berserked, paralysed or teleported.
You can dig through walls and to a lower floor.
Your four strong arms can wield two-handed weapons with a shield.
You have a pair of large antennae on your head. (SInv)
You have hoof-like feet.
You possess an exceptional clarity of mind.


Message History

You see here a goblin corpse.
Key pressed, stopping explore.
There isn't anything here!
c - 2 bread rations (gained 1)
A rat comes into view.
A rat is nearby!
Attack whom?
Press: ? - help, Dir - move target cursor, f - rat
Aim: a rat You reach to attack!
You hit the rat.
You kill the rat!
No target in view!
No target in view!
No target in view!
No target in view!
No target in view!
Are you sure you want to abandon this character and quit the game? (Confirm with "yes".)
Okay, then.
Unknown command.
Are you sure you want to abandon this character and quit the game? (Confirm with "yes".)

.##.#.######...#.#.#.##.# #.#
..#....#####...#.#.#....# #.#
....#........#.....####.#######.#
#.#(##..####.#.#......#.......#.#
#.#..........#.#.#....#..####.#.#
#.#.###..#####.#.#.......#.......
....)......(...#.#######.#.##.###
.####.#..(######.# #.#.##.#
...##.###.# #@# #.#.##.# .#.##.#
#.# #.# #.#.##.# .#..... #.## #†#
#.#.##.# ## .... #(.# #.#
#.#.##.# ....###.# #.# #.#§##.#
....###.#####.## #.#§#
#............... #.#§#
#.########)####.# #.#§# #.# #..#
#.#§#


There were no monsters in sight!

Vanquished Creatures
  Crazy Yiuf (D:2)
  3 adders (D:2)
  An ooze (D:2)
  4 giant cockroaches
  3 goblins
  6 hobgoblins
  A ball python (D:1)
  3 bats
  7 kobolds
  5 rats
34 creatures vanquished.

Notes
Turn   | Place    | Note
-------+----------+-------------------------------------------
     0 | D:1      | wazuzu the Formicid Monk began the quest for the Orb.
     0 | D:1      | Reached XP level 1. HP: 18/18 MP: 1/1
   125 | D:1      | Reached XP level 2. HP: 24/24 MP: 2/2
   691 | D:1      | Reached skill level 4 in Polearms
   691 | D:1      | Reached XP level 3. HP: 29/29 MP: 3/3
  1054 | D:2      | Reached XP level 4. HP: 27/35 MP: 4/4
  1133 | D:2      | Found a runed door.
  1137 | D:2      | Noticed Crazy Yiuf
  1150 | D:2      | Killed Crazy Yiuf
  1150 | D:2      | Reached skill level 5 in Polearms
  1680 | D:2      | Gained mutation: Your body sometimes deteriorates upon taking damage. [potion of mutation]
  1680 | D:2      | Gained mutation: Your mind is acute. (Int +2) [potion of mutation]
  1680 | D:2      | Gained mutation: You are partially covered in thin metallic scales. (AC +2) [potion of mutation]
  1681 | D:2      | Lost mutation: Your body sometimes deteriorates upon taking damage. [potion of mutation]
  1681 | D:2      | Lost mutation: Your mind is acute. (Int +2) [potion of mutation]
  1681 | D:2      | Lost mutation: You are partially covered in thin metallic scales. (AC +2) [potion of mutation]
  1681 | D:2      | Gained mutation: You possess an exceptional clarity of mind. [potion of mutation]
  1681 | D:2      | Gained mutation: You have large cloven feet. [potion of mutation]
  1681 | D:2      | Gained mutation: You have hoof-like feet. [potion of mutation]
  1757 | D:2      | Quit the game

Vault maps used:
D:1:      mrwooster_arrival_statue, roderic_lattice_a, minmay_misc_feat_plants,
          solitary_fountain
D:2:      minivault_24, minmay_tromino_mix6, uniq_crazy_yiuf_cottage

Skill      XL: |  1  2  3  4 |
---------------+-------------+-----
Polearms       | 4 5 |  5.2
Fighting       | |  3.2
Dodging        | |  2.6
Stealth        | |  2.4

Action                   |  1- 3 |  4- 6 || total
-------------------------+-------+-------++-------
Melee: Spear             |   108 |    25 ||   133
  Use: Scroll            |       |     6 ||     6
       Potion            |       |     3 ||     3
 Stab: Sleeping          |     8 |     3 ||    11
       Distracted        |     1 |       ||     1
  Eat: Chunk             |       |     2 ||     2
Armor: Robe              |     9 |       ||     9
Dodge: Dodged            |    47 |     9 ||    56
